 Dungeon Crawl Stone Soup version 0.17.1-3-g152610e (webtiles) character file.

4799 juanjsm the Covert (level 10, -2/46 HPs)
             Began as a Spriggan Enchanter on Apr 18, 2016.
             Was a Believer of Ashenzari.
             Slain by a killer bee (7 damage)
             ... on level 9 of the Dungeon.
             The game lasted 00:55:00 (10302 turns).

juanjsm the Covert (Spriggan Enchanter)            Turns: 10302, Time: 00:55:00

Health: -2/46      AC:  3    Str:  4    XL:     10   Next: 24%
Magic:  28/32      EV: 19    Int: 17    God:    Ashenzari [**....]
Gold:   600        SH:  0    Dex: 20    Spells: 4 memorised, 16 levels left

rFire  . . .     SeeInvis +     q - +0 dagger (venom)
rCold  . . .     Clarity  +     b - +1 robe
rNeg   . . .     SustAt   .     (shield restricted)
rPois  .         Gourm    .     (helmet restricted)
rElec  .         Spirit   .     (no cloak)
rCorr  .         Warding  .     (gloves unavailable)
rMut   .         Stasis   .     (boots unavailable)
MR     ++...                    S - amulet of clarity
Stlth  +++++++...               K - ring of protection from magic
                                t - ring of magical power

@: lethally poisoned (-2 -> -4), very quick, very resistant to hostile
enchantments, extremely stealthy
A: unfitting armour, see invisible, herbivore 3, speed 3, slow metabolism 2
a: Scrying, Renounce Religion


You were on level 9 of the Dungeon.
You worshipped Ashenzari.
Ashenzari was pleased with you.
You were not hungry.

You visited 2 branches of the dungeon, and saw 11 of its levels.
You also visited: Ossuary.

You collected 600 gold pieces.

Inventory:

Hand Weapons
 a - a +1 dagger
 q - a +0 dagger of venom (weapon)
Armour
 b - a +1 robe (worn)
Jewellery
 t - a ring of magical power (left hand)
 x - an uncursed amulet of guardian spirit
 E - an uncursed ring of positive energy
 K - a ring of protection from magic (right hand)
 L - an uncursed ring of stealth
 S - an amulet of clarity (around neck)
Wands
 I - a wand of digging (15)
 N - a wand of draining (4)
Scrolls
 f - 7 scrolls of remove curse
 i - 3 scrolls of enchant weapon {unknown}
 j - a scroll of magic mapping {unknown}
 k - 3 scrolls of fog {unknown}
 l - 4 scrolls of amnesia {unknown}
 m - 12 scrolls of identify {unknown}
 o - 3 scrolls of immolation {unknown}
 s - 4 scrolls of noise {unknown}
 u - 3 scrolls of fear {unknown}
 y - 3 scrolls of random uselessness {unknown}
 H - a scroll of teleportation {unknown}
 J - 2 scrolls of enchant armour {unknown}
 M - a scroll of torment {unknown}
 O - a scroll of recharging {unknown}
 Q - a scroll of vulnerability {unknown}
Potions
 e - 2 potions of agility {unknown}
 g - 3 potions of might {unknown}
 h - 6 potions of curing {unknown}
 n - a potion of magic {unknown}
 p - 3 potions of mutation {unknown}
 r - 2 potions of haste {unknown}
 v - a potion of poison {unknown}
 w - 2 potions of lignification {unknown}
 z - 2 potions of cure mutation {unknown}
 A - 2 potions of degeneration {unknown}
 B - a potion of cancellation {unknown}
 C - 2 potions of brilliance {unknown}
 D - 3 potions of berserk rage {unknown}
 F - a potion of flight {unknown}
 G - 4 potions of ambrosia {unknown}
Books
 c - a book of Maledictions

   Spells                             Type                      Level
   a - Corona                         Hexes                        1
   b - Ensorcelled Hibernation        Hexes/Ice                    2
   c - Confuse                        Hexes                        3
   d - Tukima's Dance                 Hexes                        3
   e - Dazzling Spray                 Conjuration/Hexes            3
 R - a book of Conjurations

   Spells                             Type                      Level
   a - Magic Dart                     Conjuration                  1
   b - Searing Ray                    Conjuration                  2
   c - Dazzling Spray                 Conjuration/Hexes            3
   d - Fulminant Prism                Conjuration/Hexes            4
   e - Iskenderun's Mystic Blast      Conjuration                  4
   f - Iskenderun's Battlesphere      Conjuration/Charms           5
Comestibles
 d - 6 bread rations
 P - 7 slices of pizza


   Skills:
 + Level 2.0 Fighting
 + Level 3.2 Short Blades
 + Level 7.2 Dodging
 + Level 14.4 Stealth
 + Level 8.2 Spellcasting
 + Level 0.3 Conjurations
 + Level 8.4 Hexes
 + Level 3.4 Ice Magic


You had 16 spell levels left.
You knew the following spells:

 Your Spells              Type           Power        Failure   Level  Hunger
a - Corona                Hex            #####..      1%          1    None
b - Ensorcelled Hibernat  Hex/Ice        ####..       1%          2    None
c - Confuse               Hex            #####...     1%          3    #......
d - Dazzling Spray        Conj/Hex       ###.....     8%          3    #......


Dungeon Overview and Level Annotations

Branches:
Dungeon (10/15)            Temple (1/1) D:5             Orc (0/4) D:9
   Lair: D:8-11

Altars:
Ashenzari
Cheibriados
Dithmenos
Elyvilon
Fedhas
Gozag
Kikubaaqudgha
Makhleb
Nemelex Xobeh
Okawaru
Qazlal
Ru
Sif Muna
Trog
Vehumet
Xom
Yredelemnul
Zin
The Shining One

Annotations:
D:3 bollicks1999's ghost, amateur OpAs
D:4 bollicks1999's ghost, novice OpAs


Innate Abilities, Weirdness & Mutations

You are tiny and cannot use many weapons and most armour.
You have supernaturally acute eyesight.
You are a herbivore.
You cover ground extremely quickly.
You need consume almost no food.


Message History

The spray of energy hits the ogre.
The ogre is moderately wounded.
The spray of energy hits the killer bee.
The killer bee is heavily wounded.
The killer bee is dazzled.
The spray of energy hits the killer bee.
The killer bee is moderately wounded.
The killer bee is dazzled.
You feel sick. The killer bee completely misses you.
The killer bee completely misses you. The killer bee stings you.
* * * LOW HITPOINT WARNING * * *
The ogre misses you. The killer bee barely misses you.
The killer bee completely misses you.
There is an open door here.
The killer bee completely misses you.
You feel sick.
There is a stone staircase leading up here.
The killer bee misses you.
You hear a distant blaring wail to the south.
The killer bee closely misses you. The killer bee stings you!
You die...

.........................#
.........................#
.............#########...#
.#+#######...#.......#...#
.#, , #.>.#.......#...# .#
#...#(......#...# .# ,
#...#.......#...# .#, ,
#...#.......#...# .# ,
,,,#...#..@....#...# ... ,
#...#.yy....#...# ≈8.,,
##..'..y.####...#### 8≈ ,,
#..###O##.........# ≈≈
*#+###.................#
≈≈,,,.......................#
≈≈.#########...............(#
oo.........#........#####...#
≈≈z........#........# #...#


You could see an ogre and 3 killer bees.

Vanquished Creatures
  A two-headed ogre (D:8)
  A wyvern (D:8)
  A hog (D:8)
  A human (D:8)
  A hippogriff (D:9)
  3 orc warriors
  4 ogres
  A black bear (D:6)
  An eye of draining (D:9)
  9 centaurs
  A big kobold (D:8)
  2 elf zombies (Ossuary)
  A gnoll sergeant (D:7)
  5 giant frogs
  4 wights (D:7)
  6 killer bees
  An electric eel (D:9)
  A quasit (D:9)
  A crimson imp (D:8)
  3 orc priests
  A giant frog zombie (D:9)
  6 hounds
  An iron imp (D:9)
  A giant frog skeleton (D:4)
  11 orc wizards
  2 iguanas
  3 sheep (D:8)
  8 worker ants
  A big kobold zombie (Ossuary)
  A hound zombie (D:8)
  2 mummies (Ossuary)
  A worker ant zombie (D:9)
  Robin (D:4)
  9 adders
  6 gnolls
  A shadow imp (D:9)
  3 oozes
  3 adder zombies (Ossuary)
  3 worms
  2 giant geckos
  30 orcs
  2 ball pythons (D:1)
  2 bat skeletons (D:2)
  3 bat zombies (D:2)
  5 giant cockroaches
  8 hobgoblins
  5 quokkas
  8 bats
  8 giant newts
  18 goblins
  14 hobgoblin zombies (Ossuary)
  14 jackals
  5 jackal zombies (Ossuary)
  9 kobolds
  6 kobold zombies (Ossuary)
  6 orc zombies (Ossuary)
  A quokka skeleton (D:6)
  13 rats
271 creatures vanquished.

Vanquished Creatures (others)
  A hound zombie (D:8)
1 creature vanquished.

Grand Total: 272 creatures vanquished

Notes
Turn   | Place    | Note
--------------------------------------------------------------
     0 | D:1      | juanjsm the Spriggan Enchanter began the quest for the Orb.
     0 | D:1      | Reached XP level 1. HP: 9/9 MP: 5/5
   543 | D:2      | Reached XP level 2. HP: 2/13 MP: 6/6
   547 | D:2      | Learned a level 2 spell: Ensorcelled Hibernation
   964 | D:1      | Found a shattered altar of Ashenzari.
   977 | D:1      | Became a worshipper of Ashenzari the Shackled
   984 | D:1      | Reached XP level 3. HP: 16/16 MP: 0/8
  1177 | D:1      | Reached skill level 5 in Stealth
  1474 | D:2      | Found an ancient bone altar of Kikubaaqudgha.
  1594 | D:2      | Reached XP level 4. HP: 15/21 MP: 6/9
  1599 | D:2      | Learned a level 3 spell: Confuse
  1603 | D:2      | Learned a level 3 spell: Dazzling Spray
  1815 | D:2      | Found a glowing golden altar of the Shining One.
  2595 | D:3      | Reached * piety under Ashenzari
  2611 | D:4      | Found an opulent altar of Gozag.
  2695 | D:3      | Reached XP level 5. HP: 24/24 MP: 9/11
  2994 | D:3      | Reached skill level 6 in Stealth
  3002 | D:3      | Noticed bollicks1999's ghost (amateur OpAs)
  3044 | D:3      | Found a sparkling altar of Nemelex Xobeh.
  3219 | D:4      | Found a shadowy altar of Dithmenos.
  3294 | D:4      | Noticed bollicks1999's ghost (novice OpAs)
  3365 | D:5      | Entered Level 5 of the Dungeon
  3399 | D:4      | Noticed an ogre
  3419 | D:4      | Killed an ogre
  3419 | D:4      | Reached skill level 1 in Ice Magic
  3419 | D:4      | Reached XP level 6. HP: 24/28 MP: 8/13
  3430 | D:4      | Reached skill level 5 in Hexes
  3918 | D:5      | Reached skill level 7 in Stealth
  4047 | D:5      | Reached skill level 8 in Stealth
  4047 | D:5      | Reached XP level 7. HP: 32/32 MP: 15/15
  4088 | D:5      | Noticed a centaur
  4095 | D:5      | Killed a centaur
  4304 | D:5      | Found a deep blue altar of Sif Muna.
  4416 | D:5      | Found a staircase to the Ecumenical Temple.
  4425 | Temple   | Entered the Ecumenical Temple
  4444 | Temple   | Reached ** piety under Ashenzari
  4985 | D:4      | Noticed Robin
  4992 | D:4      | Killed Robin
  5052 | D:4      | Noticed a phantom
  5205 | D:4      | Reached skill level 5 in Spellcasting
  5276 | D:4      | Noticed a moth of wrath
  5279 | D:4      | Found a bloodstained altar of Trog.
  5733 | D:6      | Reached skill level 5 in Dodging
  5828 | D:6      | Reached skill level 9 in Stealth
  5988 | D:6      | Found a burning altar of Makhleb.
  6325 | D:7      | Found a sand-covered staircase.
  6337 | Ossuary  | Entered an ossuary
  6614 | Ossuary  | Reached XP level 8. HP: 37/37 MP: 17/17
  6976 | D:7      | Found a radiant altar of Vehumet.
  7059 | D:7      | Reached skill level 1 in Fighting
  7065 | D:7      | Reached skill level 10 in Stealth
  7442 | D:8      | Noticed a wyvern
  7523 | D:8      | Noticed a two-headed ogre
  7537 | D:8      | Killed a two-headed ogre
  7537 | D:8      | Reached skill level 11 in Stealth
  7604 | D:8      | Found a blossoming altar of Fedhas.
  7651 | D:8      | Noticed a human
  7707 | D:8      | Noticed a hog
  7828 | D:8      | Reached XP level 9. HP: 41/41 MP: 19/19
  7850 | D:8      | Reached skill level 12 in Stealth
  7948 | D:7      | Found a shimmering altar of Xom.
  8286 | D:8      | Killed a wyvern
  8286 | D:8      | Reached skill level 13 in Stealth
  8572 | D:8      | Killed a human
  8582 | D:8      | Killed a hog
  9554 | D:9      | Reached XP level 10. HP: 46/46 MP: 22/22
  9711 | D:10     | Entered Level 10 of the Dungeon
  9800 | D:9      | Reached skill level 14 in Stealth
  9988 | D:9      | Found a snail-covered altar of Cheibriados.
 10302 | D:9      | Slain by a killer bee

Action                   |  1- 3 |  4- 6 |  7- 9 | 10-12 || total
-------------------------+-------+-------+-------+-------++-------
Melee: Dagger            |   126 |    93 |   307 |    43 ||   569
 Cast: Corona            |    11 |     1 |       |       ||    12
       Ensorcelled Hiber |    14 |    31 |    86 |    15 ||   146
       Confuse           |       |     4 |    41 |     3 ||    48
       Dazzling Spray    |       |     1 |    21 |     5 ||    27
Invok: Scrying           |       |       |     1 |       ||     1
 Stab: Sleeping          |    23 |    29 |    86 |    14 ||   152
       Distracted        |     1 |       |     1 |       ||     2
       Invisible         |       |     1 |     8 |     4 ||    13
       Confused          |       |     2 |    24 |     2 ||    28
  Eat: Bread ration      |       |     1 |     1 |       ||     2
       Pizza             |       |       |     1 |       ||     1
       Royal jelly       |       |       |     1 |       ||     1
